AoeStats
← [NICE_ASS] BigMasi

Fortress

509066563Analyzed
4v4 RM · 7d ago on Sep 25, 2026· 26m 25s· 8 players
Game mode
Random Map
Map size
Huge
Population
200
Speed
Normal
Resources
Standard
Victory
Conquest
Starting age
Dark Age
Ending age
Imperial Age
RankedLock teamsTeams togetherTeam positionsShared explorationLock speedFull tech treeHidden civsTurbo modeCheats
Victory
Defeat
🇨🇳 Spanish · China
1368
+17
🇨🇳 Huns · China
1367
+17
🇨🇳 Mongols · China
1363
+17
🇨🇳 Burgundians · China
1362
+17
🇨🇳 Danes · China
1403
-18
🇫🇷 Varangians · France
1400
-18
🇨🇭 Armenians · Switzerland
1396
-17
🇨🇭 Saxons · Switzerland
1342
-15
肥肥猫
7:10 Feudal Age
11:23 Castle Age
9:25 Double-Bit Axe
9:34 Horse Collar
14:49 Fletching
15:10 Padded Archer Armor
15:17 Gold Mining
15:25 Loom
18:47 Bodkin Arrow
20:49 Bloodlines
27:34 Imperial Age
25:17 Stone Mining
26:03 Gold Shaft Mining
26:35 Wheelbarrow
26:51 Bow Saw
愿随心
7:55 Feudal Age
11:32 Castle Age
9:20 Double-Bit Axe
9:25 Horse Collar
15:10 Wheelbarrow
15:01 Bow Saw
18:03 Gold Mining
19:11 Hand Cart
19:50 Hand Cart
20:13 Gold Shaft Mining
20:12 Scale Barding Armor
21:23 Chain Barding Armor
22:13 Forging
23:32 Iron Casting
23:31 Bloodlines
23:31 Heavy Plow
23:55 Husbandry
24:20 Stone Mining
28:01 Imperial Age
26:08 Marauders
XHK
5:39 Double-Bit Axe
7:26 Feudal Age
5:46 Horse Collar
11:33 Castle Age
10:43 Bow Saw
12:40 Scale Barding Armor
11:58 Cavalier
12:39 Husbandry
13:31 Gold Mining
15:06 Husbandry
17:46 Wheelbarrow
17:52 Gold Shaft Mining
18:59 Chain Barding Armor
19:25 Forging
23:47 Loom
23:47 Town Watch
25:39 Iron Casting
菜菜
7:53 Feudal Age
11:33 Castle Age
9:27 Double-Bit Axe
9:48 Horse Collar
10:27 Padded Archer Armor
12:14 Gold Mining
12:50 Bow Saw
14:51 Loom
17:41 Padded Archer Armor
ComptixG
7:16 Feudal Age
11:57 Castle Age
10:08 Double-Bit Axe
10:26 Horse Collar
16:40 Bow Saw
18:11 Heavy Plow
18:43 Gold Mining
19:00 Scale Barding Armor
19:33 Bloodlines
20:28 Forging
21:46 Husbandry
25:17 Chain Barding Armor
24:57 Loom
25:09 Town Watch
26:00 Wheelbarrow
27:00 Iron Casting
26:20 Vendel Legacy
PeterPan
7:26 Feudal Age
11:22 Castle Age
9:38 Double-Bit Axe
9:38 Horse Collar
12:54 Fletching
13:53 Padded Archer Armor
14:46 Bow Saw
15:02 Loom
18:58 Bodkin Arrow
[NICE_ASS] BigMasi
9:14 Feudal Age
10:32 Double-Bit Axe
10:31 Horse Collar
12:55 Castle Age
11:21 Gold Mining
14:12 Bow Saw
13:54 Loom
14:43 Heavy Plow
17:01 Wheelbarrow
18:54 Scale Mail Armor
19:04 Forging
20:51 Chain Mail Armor
20:25 Arson
20:43 Squires
21:18 Forging
23:04 Hand Cart
26:26 Arson
26:05 Pikeman
.
6:42 Feudal Age
7:14 Double-Bit Axe
9:23 Horse Collar
12:26 Castle Age
11:22 Gold Mining
13:43 Bow Saw
15:40 Wheelbarrow
15:08 Heavy Plow
15:07 Loom
19:39 Hand Cart
23:49 Imperial Age
21:35 Fletching
22:20 Elite Skirmisher
Connection lost

Rejoining the realm…

Still unreachable

The connection could not be restored.

Session expired

The server has moved on; the page needs a fresh start.